Description

Standard Econ Opening

Replay - SALT Ohana (4)

Build Order

Get SALT Encoding   

    0:00  Probe x10  
    0:07  Unknown  
  14  0:25  Pylon  
  15  0:43  Gateway  
  16  0:52  Assimilator  
  20  1:39  Nexus  
  20  1:47  Cybernetics Core  
  21  1:56  Assimilator  
  21  2:07  Pylon  
  22  2:14  Warp Gate  
  23  2:15  Stalker  
  25  2:34  Robotics Facility  
  26  2:46  Gateway  
  26  2:54  Stalker  
  30  3:12  Gateway  
  32  3:21  Observer  
  32  3:25  Pylon  
  37  3:44  Observer  
  38  3:55  Shield Battery x2  
  40  4:05  Assimilator x2  
  41  4:10  Pylon  
  43  4:19  Sentry x2  
  43  4:20  Zealot  
Spawning Tool Build Advisor. Get it on Overwolf

Go to:

Details

  • Created by: dyarbrough93
  • Published on: Mar 19, 2019
  • Modified on: Mar 19, 2019
  • Patch: 4.7.1
Show
View Real Time Build Order
Export as new Build Order

Comments (0)

There are no comments. Be the first!

Create an account to comment!